 Dungeon Crawl Stone Soup version 0.30.1-10-g1249ef9ec4 (webtiles) character file.

Game seed: 16327092951976993936

111 lonewolfV2 the Covered (level 4, -7/35 HPs)
             Began as a Demonspawn Fighter on Oct 27, 2023.
             Killed from afar by Natasha (9 damage)
             ... with a puff of flame
             ... on level 2 of the Dungeon.
             The game lasted 00:02:01 (1015 turns).

lonewolfV2 the Covered (Demonspawn Fighter)         Turns: 1015, Time: 00:02:02

Health: -7/35      AC:  6    Str: 18    XL:     4   Next: 62%
Magic:  5/5        EV: 10    Int:  9    God:
Gold:   60         SH:  5    Dex: 19    Spells: 3/3 levels left

rFire   . . .        a - +0 war axe
rCold   . . .        c - +0 buckler
rNeg    . . .        b - +0 scale mail
rPois   .            (helmet restricted)
rElec   .            (no cloak)
rCorr   .            (no gloves)
SInv    .            (no boots)
Will    .....        (no amulet) Stlth
                     j - ring of flight
HPRegen 0.25/turn    g - +6 ring of dexterity
MPRegen 0.09/turn

%: no passive effects
@: flying
A: horns 1, ignite blood 1
a: no special abilities


You were on level 2 of the Dungeon.
You visited 1 branch of the dungeon, and saw 2 of its levels.

You collected 60 gold pieces.

Inventory:

Hand Weapons
 a - a +0 war axe (weapon)
Armour
 b - a +0 scale mail (worn)
 c - a +0 buckler (worn)
Jewellery
 g - a +6 ring of dexterity (right hand)
 j - a ring of flight (left hand)
Scrolls
 e - a scroll of teleportation
 h - a scroll of immolation {unknown}
 l - a scroll of magic mapping
Potions
 d - 2 potions of might
 f - a potion of curing {unknown}
 i - a potion of lignification {unknown}
 k - a potion of ambrosia {unknown}


   Skills:
 - Level 3.0 Fighting
 - Level 1.7 Axes
 + Level 3.3 Armour
 * Level 2.6 Dodging
 - Level 2.6 Shields
 + Level 2.6 Invocations


You had 3 spell levels left.
You didn't know any spells.
Your spell library was empty.

Dungeon Overview and Level Annotations

Branches:
Dungeon (2/15)

Altars:

Annotations:
D:2 Natasha


Innate Abilities, Weirdness & Mutations

You have a pair of small horns on your head.
Your demonic aura sometimes causes spilled blood to erupt in flames.


Message History

Unknown command.
You closely miss Natasha.
Natasha is moderately wounded.
You miss the cerulean imp.
The cerulean imp hits you but does no damage.
The cerulean imp completely misses you. Natasha claws you.
The cerulean imp hits you from afar with a +2 spear.
You block the cerulean imp's attack.
The cerulean imp hits you from afar with a +1 spear.
Natasha barely misses you.
You closely miss Natasha.
Natasha is moderately wounded.
You miss the cerulean imp. The cerulean imp barely misses you.
You block the cerulean imp's attack.
The cerulean imp hits you but does no damage.
Natasha casts a spell at you. The magic dart hits you.
The cerulean imp hits you but does no damage.
You slash Natasha!
You kill Natasha!
You hear a faint echoing roar filled with hate and sorrow!
The cerulean imp disappears in a puff of smoke! x3
You start resting.
Natasha, Servant of Life and Death comes into view.
She is carrying a wand of flame (16).
Natasha is nearby!
Natasha is nearby!
Natasha zaps a wand.
The puff of flame hits you. Natasha closely misses you.
You slash Natasha!
Natasha is almost dead.
Natasha casts a spell at you. The magic dart hits you.
* * * LOW HITPOINT WARNING * * *
You barely miss Natasha.
Natasha is almost dead.
Natasha stares at you and mumbles some strange words.
The magic dart hits you!
* * * LOW HITPOINT WARNING * * *
Natasha zaps a wand.
The puff of flame hits you!
You die...

#..............#..
##.#............#^.
##.....###.#####.#..
#.#####)......รท.....
##.###.#####.###.##.
############..#.## #.###.##.
..........#.#..#### #.##...#.
..#######..###.(..####.#......
#######.#@h##.#.........>.
.........#....#.##........
#######..####.#.##..#...##
#..# ##.#.##..##.##
#..###.)..##..##.#
#...>.........##.#
########....##......
#......)....##.###.
#.#######).....#


You could see Natasha.

Vanquished Creatures
  Terence (D:2)
  Natasha (D:2)
  2 gnolls (D:2)
  An adder (D:2)
  A worm (D:2)
  2 dart slugs (D:1)
  3 bats
  3 endoplasms
  2 giant cockroaches
  A goblin (D:2)
  2 hobgoblins (D:1)
  4 ball pythons
  3 frilled lizards (D:1)
  A kobold (D:1)
  3 rats
30 creatures vanquished.

Notes
Turn   | Place    | Note
-------+----------+-------------------------------------------
     0 | D:1      | lonewolfV2 the Demonspawn Fighter began the quest for the
                  | Orb.
     0 | D:1      | Reached XP level 1. HP: 18/18 MP: 1/1
   219 | D:1      | Reached skill level 1 in Dodging
   219 | D:1      | Reached skill level 1 in Invocations
   219 | D:1      | Gained mutation: Your demonic aura sometimes causes spilled
                  | blood to erupt in flames. [demonic ancestry]
   219 | D:1      | Reached XP level 2. HP: 23/24 MP: 2/2
   717 | D:2      | Gained mutation: You have a pair of small horns on your
                  | head. [demonic ancestry]
   717 | D:2      | Reached XP level 3. HP: 28/29 MP: 4/4
   795 | D:2      | Noticed Terence
   806 | D:2      | Killed Terence
   851 | D:2      | Reached XP level 4. HP: 12/35 MP: 5/5
   982 | D:2      | Noticed Natasha
   998 | D:2      | Killed Natasha
  1011 | D:2      | Noticed Natasha
  1015 | D:2      | Killed from afar by Natasha

Illustrated notes

Levels and vault maps discovered:
D:1:      dpeg_arrival_arbitrary_a, layout_rooms, minivault_5,
          minmay_misc_feat_doors, corexii_hall_statues_deadend,
          dreamdust_mushroom_princess
D:2:      layout_loops_ring, serial_shops, shop, kennysheep_generic_room_14,
          uniq_natasha, uniq_terence

Skill      XL: |  1  2  3 |
---------------+----------+-----
Dodging        | 1 2 |  2.6
Invocations    | 1 2 |  2.6
Armour         | 3 |  3.3
Fighting       | |  3.0
Axes           | |  1.7
Shields        | |  2.6

Action                     |  1- 3 |  4- 6 || total
---------------------------+-------+-------++-------
  Melee: War axe           |    69 |    20 ||    89
         Headbutt          |     6 |       ||     6
    Use: Scroll            |     4 |       ||     4
 Armour: Scale mail        |    31 |    12 ||    43
  Dodge: Dodged            |    42 |    14 ||    56
  Block: Buckler           |    22 |     5 ||    27
